[Event "ICC tourney 2568 (40 10)"]
[Site "Internet Chess Club"]
[Date "2021.05.16"]
[Round "4"]
[White "KASHYAP, MANISH B:mnm2"]
[Black "SUN, KEVIN:kevinsun"]
[Result "1-0"]
[ICCResult "Black resigns"]
[WhiteElo "1561"]
[BlackElo "1491"]
[Opening "Sicilian: accelerated fianchetto, Maróczy bind, 6.Be3"]
[ECO "B38"]
[NIC "SI.33"]
[Time "17:45:23"]
[TimeControl "2400+10"]

1. e4 c5 2. Nf3 Nc6 3. d4 cxd4 4. Nxd4 g6 5. Be3 Bg7 6. c4 d6 7. Nc3 Nf6 8.
Be2 O-O 9. O-O Nxd4 10. Bxd4 a5 11. Qd2 a4 12. b3 a3 13. Rac1 Qa5 14. Rfd1
Bg4 15. Bxf6 Bxe2 16. Bxg7 Bxd1 17. Bxf8 Bxb3 18. Bxe7 Bxc4 19. Qxd6 Be6 20.
Qf4 Rc8 21. Bf6 Qh5 22. Nd5 Rxc1+ 23. Qxc1 Qe2 24. h3 Qxa2 25. Qh6
{Black resigns}
1-0

[Event "ICC tourney 2568 (40 10)"]
[Site "Internet Chess Club"]
[Date "2021.05.16"]
[Round "4"]
[White "AYYAPPAN, SANTHOSH:SanthoshA"]
[Black "LANE, THOMAS COE:tclaneva"]
[Result "1-0"]
[ICCResult "Black resigns"]
[WhiteElo "1652"]
[BlackElo "1805"]
[Opening "Sicilian: Najdorf, 6...e6"]
[ECO "B95"]
[NIC "SI.04"]
[Time "17:45:18"]
[TimeControl "2400+10"]

1. e4 c5 2. Nf3 d6 3. d4 cxd4 4. Nxd4 Nf6 5. Nc3 a6 6. Bg5 e6 7. Be2 Be7 8.
Be3 Nc6 9. O-O Qc7 10. f3 b5 11. a3 Bb7 12. Qe1 Rc8 13. Rd1 O-O 14. Qg3 Na5
15. Bh6 Ne8 16. Kh1 Nc4 17. Bxc4 Qxc4 18. Be3 Bf6 19. Qf2 d5 20. exd5 Bxd5
21. Nxd5 exd5 22. c3 Nc7 23. Nf5 Rfd8 24. Bd4 Qc6 25. Qg3 Bxd4 26. Ne7+
{Black resigns}
1-0

[Event "ICC tourney 2568 (40 10)"]
[Site "Internet Chess Club"]
[Date "2021.05.16"]
[Round "4"]
[White "Gong, Andrew:TheDude865"]
[Black "XU, RAYMOND:rayxu"]
[Result "0-1"]
[ICCResult "White resigns"]
[WhiteElo "1543"]
[BlackElo "1876"]
[Opening "Sicilian: dragon, Yugoslav attack, 9...Bd7"]
[ECO "B77"]
[NIC "SI.18"]
[Time "17:45:41"]
[TimeControl "2400+10"]

1. e4 c5 2. Nf3 d6 3. d4 cxd4 4. Nxd4 Nf6 5. Nc3 g6 6. Be3 Bg7 7. f3 O-O 8.
Bc4 Nc6 9. Qd2 Bd7 10. Bb3 Rb8 11. g4 Na5 12. O-O-O b5 13. a3 Nc4 14. Bxc4
bxc4 15. Kb1 Qb6 16. Qc1 Qa5 17. Ka1 Rb7 18. Qd2 Be6 19. Nxe6 fxe6 20. Bh6
Rfb8 21. Rb1 Bxh6 22. Qe1 Bg7 23. Ka2 Nd7 24. Nd1 c3 25. Nxc3 Bxc3 26. Qxc3
Qxc3 27. bxc3 Rxb1 28. Rxb1 Rxb1 29. Kxb1 Ne5 30. f4 Nxg4 31. h3 Nf2
{White resigns}
0-1

[Event "ICC tourney 2568 (40 10)"]
[Site "Internet Chess Club"]
[Date "2021.05.16"]
[Round "4"]
[White "WU, EVERETT:EW2006"]
[Black "THOMAS, MICHAEL G:chesslin"]
[Result "1/2-1/2"]
[ICCResult "Game drawn by repetition"]
[WhiteElo "1395"]
[BlackElo "1739"]
[Opening "King's Indian: 5.Nf3"]
[ECO "E90"]
[NIC "KI.21"]
[Time "17:45:48"]
[TimeControl "2400+10"]

1. e4 g6 2. d4 Bg7 3. c4 d6 4. Nf3 Nf6 5. Nc3 O-O 6. Bd3 c5 7. d5 e6 8. O-O
exd5 9. Nxd5 Nxd5 10. exd5 h6 11. Rb1 Nd7 12. b3 a6 13. Re1 Nf6 14. Bb2 Nh5
15. Bxg7 Kxg7 16. Re3 Qf6 17. Qc2 Nf4 18. Qb2 Nxd3 19. Qxf6+ Kxf6 20. Rxd3
Bf5 21. Rbd1 Bxd3 22. Rxd3 Rfe8 23. Kf1 Re7 24. g3 Rae8 25. a4 b5 26. axb5
axb5 27. cxb5 Rb8 28. Nd2 Rxb5 29. Nc4 Rd7 30. Rf3+ Ke7 31. Ke2 Rdb7 32.
Re3+ Kd7 33. Rf3 f5 34. Re3 Rb8 35. Re6 Rxb3 36. Rxd6+ Ke7 37. Rxg6 R8b4 38.
d6+ Kd8 39. Rg8+ Kd7 40. Rg7+ Ke6 41. Re7+ Kf6 42. Ne3 Rd4 43. Rh7 Kg6 44.
Rc7 Rxd6 45. Rxc5 Rb2+ 46. Kf1 Rf6 47. Nd5 Rf7 48. Nf4+ Kh7 49. Re5 Ra2 50.
Re2 Ra5 51. Kg2 Kg7 52. Re6 Rd7 53. Nh5+ Kf7 54. Rxh6 Rd2 55. Nf4 Raa2 56.
Nh3 Kg7 57. Rh4 Kg6 58. Rf4 Rdb2 59. Ng1 Rd2 60. h4 Rdb2 61. h5+ Kxh5 62.
Rxf5+ Kg6 63. Rf4 Rd2 64. Nh3 Rdb2 65. g4 Rb3 66. Rf3 Rbb2 67. Kg3 Ra4 68.
Rf4 Ra3+ 69. Rf3 Ra8 70. Nf4+ Kh7 71. g5 Ra6 72. Kg4 Rb4 73. Kg3 Raa4 74.
Nh3 Rg4+ 75. Kh2 Kg7 76. Rg3 Rh4 77. Kg2 Kg6 78. Rf3 Rag4+ 79. Rg3 Ra4 80.
Rf3 Rag4+ 81. Rg3 Ra4 82. Rf3 Rag4+ 83. Rg3 Ra4 84. Rf3 Rag4+ 85. Rg3
{Game drawn by repetition}
1/2-1/2

[Event "ICC tourney 2568 (40 10)"]
[Site "Internet Chess Club"]
[Date "2021.05.16"]
[Round "4"]
[White "KASHYAP, MAHATI B:mnm1"]
[Black "RENJITH, ARYAN:prkukuku"]
[Result "1-0"]
[ICCResult "Black resigns"]
[WhiteElo "1536"]
[BlackElo "1274"]
[Opening "Scotch game"]
[ECO "C45"]
[NIC "SO.05"]
[Time "17:45:29"]
[TimeControl "2400+10"]

1. e4 e5 2. Nf3 Nc6 3. d4 exd4 4. Nxd4 Bc5 5. Be3 Qf6 6. c3 Nge7 7. Bc4 d6
8. O-O Ne5 9. Be2 Qg6 10. f3 Bh3 11. Rf2 Bd7 12. Nd2 h5 13. a4 a5 14. Nc4
Nxc4 15. Bxc4 h4 16. Qb3 b6 17. Re1 h3 18. Nb5 Rc8 19. Bxc5 bxc5 20. e5 Kf8
21. exd6 cxd6 22. Na7 Re8 23. g3 Rh5 24. Rfe2 Qf6 25. Qb7 Bxa4 26. b3 Re5
27. Rxe5 dxe5 28. bxa4 g6 29. Bb5 Rd8 30. Bf1 Qd6 31. Nb5 Qd2 32. Qe4 f5 33.
Qxe5 Nd5 34. Re2 Qd1 35. Qh8+ Kf7 {Black resigns} 1-0

[Event "ICC tourney 2568 (40 10)"]
[Site "Internet Chess Club"]
[Date "2021.05.16"]
[Round "4"]
[White "PRIYADARSHI, VED:ved2006"]
[Black "CHAN, ETHAN:ChessyEthan"]
[Result "1-0"]
[ICCResult "Black checkmated"]
[WhiteElo "1713"]
[BlackElo "1554"]
[Opening "QGD semi-Slav: 5.e3"]
[ECO "D45"]
[NIC "SL.08"]
[Time "17:45:20"]
[TimeControl "2400+10"]

1. d4 d5 2. Nf3 Nf6 3. e3 e6 4. c4 c6 5. Nc3 Bd6 6. Bd3 dxc4 7. Bxc4 O-O 8.
O-O b5 9. Bd3 Bb7 10. a3 Re8 11. b4 Nbd7 12. Bb2 e5 13. dxe5 Nxe5 14. Nxe5
Bxe5 15. Be2 Nd5 16. Qc2 Nxc3 17. Bxc3 a6 18. Bxe5 Rxe5 19. Bf3 Rc8 20. Rac1
Qb6 21. Rfd1 h6 22. Qc3 Rg5 23. h4 Rg6 24. Bh5 Rf6 25. Rd4 Kh8 26. Rd7 Rf8
27. Qe5 Bc8 28. Qc7 Qxc7 29. Rxc7 g6 30. Bf3 Kg7 31. R7xc6 Rxc6 32. Bxc6 Rd8
33. Bf3 Kf6 34. Rc6+ Ke7 35. Rc7+ Ke8 36. Bc6+ Kf8 37. Kf1 Kg7 38. Ke2 Kf6
39. Bb7 Bxb7 40. Rxb7 Rd6 41. Rc7 Ke6 42. g4 g5 43. hxg5 hxg5 44. f4 gxf4
45. exf4 Kf6 46. Ke3 Ke6 47. Ke4 Kf6 48. Rc3 Kg6 49. g5 f6 50. gxf6 Kxf6 51.
f5 Rb6 52. Rg3 Kf7 53. Rg6 Rb7 54. Rxa6 Ke7 55. Ke5 Kf7 56. Kd5 Ke7 57. Kc5
Kf7 58. Rb6 Ra7 59. Rxb5 Rxa3 60. Ra5 Rb3 61. b5 Kf6 62. b6 Rb1 63. Kc6 Rf1
64. b7 Rxf5 65. Rxf5+ Kxf5 66. b8=Q Ke6 67. Qd6+ Kf5 68. Qe7 Kf4 69. Kd5 Kf5
70. Qe5+ Kg4 71. Qf6 Kg3 72. Ke4 Kg2 73. Ke3 Kh1 74. Qg6 Kh2 75. Kf2 Kh1 76.
Qg1# {Black checkmated} 1-0

[Event "ICC tourney 2568 (40 10)"]
[Site "Internet Chess Club"]
[Date "2021.05.16"]
[Round "4"]
[White "NAGULAPALLY, AYAN:Ayan123"]
[Black "BHEEMAIAH, AYUSH:Ayushb"]
[Result "1/2-1/2"]
[ICCResult "Game drawn by repetition"]
[WhiteElo "1344"]
[BlackElo "1747"]
[Opening "Giuoco Piano"]
[ECO "C54"]
[NIC "IG.02"]
[Time "17:45:26"]
[TimeControl "2400+10"]

1. e4 e5 2. Nf3 Nc6 3. Bc4 Bc5 4. c3 Nf6 5. d4 exd4 6. cxd4 Bb4+ 7. Bd2 Nxe4
8. Bxb4 Nxb4 9. Bxf7+ Kxf7 10. Qb3+ d5 11. Ne5+ Ke8 12. Qxb4 Qd6 13. Qxd6
Nxd6 14. O-O Bf5 15. Nc3 c6 16. Rfe1 Kd8 17. h3 Re8 18. Re2 Kc7 19. Rae1
Rad8 20. b3 h6 21. g4 Bh7 22. Kf1 Ne4 23. Rc1 Kb8 24. Ree1 Re7 25. f4 Rf8
26. Nxe4 dxe4 27. f5 g6 28. Rxe4 gxf5 29. Rf4 Kc7 30. Kg2 Rg8 31. Kf2 fxg4
32. hxg4 Rgg7 33. Kf3 Re6 34. Rh1 Bg6 35. Nxg6 Rexg6 36. Rh5 Kd6 37. Rhf5
Ke6 38. Re5+ Kd6 39. Ref5 Ke6 40. Re5+ Kd6 41. Ref5 {Game drawn by
repetition} 1/2-1/2

[Event "ICC tourney 2568 (40 10)"]
[Site "Internet Chess Club"]
[Date "2021.05.16"]
[Round "4"]
[White "CAO, RAY:rcww2020"]
[Black "BRUDNO, STEPHEN:StevChess01"]
[Result "1-0"]
[ICCResult "Black checkmated"]
[WhiteElo "1670"]
[BlackElo "1606"]
[Opening "Sicilian: O'Kelly variation"]
[ECO "B28"]
[NIC "SI.43"]
[Time "17:45:35"]
[TimeControl "2400+10"]

1. e4 c5 2. Nf3 a6 3. d4 cxd4 4. Nxd4 Nf6 5. Nc3 e5 6. Nf3 Bb4 7. Bd3 d5 8.
Nd2 d4 9. Ne2 Nc6 10. O-O O-O 11. Nf3 Be7 12. Ng3 Bg4 13. h3 Bxf3 14. Qxf3
g6 15. Bh6 Re8 16. h4 Nb4 17. Rfd1 Rc8 18. h5 Nxc2 19. Rac1 Nb4 20. Bc4 b5
21. Bb3 Qb6 22. a3 Rxc1 23. Rxc1 Nc6 24. hxg6 hxg6 25. Bg5 Na5 26. Ba2 Nc4
27. Qb3 Rf8 28. Rxc4 Qe6 29. Rc1 Qg4 30. Bxf6 Bxf6 31. Rc7 Kh7 32. Rxf7+
Rxf7 33. Qxf7+ Bg7 34. Qg8+ Kh6 35. Qd8 Qf4 36. Qd6 Kh7 37. Qd5 Qc1+ 38. Nf1
Qxb2 39. Qb3 Qc1 40. Qd3 Qf4 41. Bd5 Bh6 42. Qb3 Qf6 43. Qd3 Qe7 44. Qf3 Bg7
45. g4 Qg5 46. Nh2 Qc1+ 47. Kg2 Qg5 48. Bf7 Bh6 49. Bd5 Bg7 50. Qh3+ Bh6 51.
Nf3 Qf4 52. g5 Kg7 53. Qxh6# {Black checkmated} 1-0

[Event "ICC tourney 2568 (40 10)"]
[Site "Internet Chess Club"]
[Date "2021.05.16"]
[Round "4"]
[White "NGUYEN, THOMAS:tn285"]
[Black "Rodriguez, Eduardo A:EduardoNASA"]
[Result "1-0"]
[ICCResult "Black resigns"]
[WhiteElo "1581"]
[BlackElo "1798"]
[Opening "King's Indian: London system"]
[ECO "A40"]
[NIC "QP.03"]
[Time "17:45:24"]
[TimeControl "2400+10"]

1. d4 g6 2. Bf4 Nf6 3. Nf3 Bg7 4. e3 c5 5. c3 cxd4 6. exd4 O-O 7. Be2 d6 8.
h3 Nbd7 9. O-O a6 10. a4 Qb6 11. Qd2 Re8 12. Na3 d5 13. b4 Ne4 14. Qb2 Ndf6
15. Bd3 Bd7 16. Nb1 Rac8 17. Ne5 Nd6 18. Nxd7 Nxd7 19. Nd2 e5 20. Be3 Qc7
21. Rfc1 Nb6 22. dxe5 Bxe5 23. Bc5 Bf4 24. Rd1 Ne4 25. Nxe4 dxe4 26. Bf1 e3
27. Rd3 Nc4 28. Qa2 Ne5 29. Rdd1 Bh2+ 30. Kh1 exf2 31. Qxf2 Nc6 32. Bc4 Kg7
33. Rf1 f5 34. Bb3 Bg3 35. Qf3 b6 36. Bxb6 Qxb6 37. Qxg3 Ne5 38. Rae1 Qc7
39. Re3 Re7 40. Rfe1 Rce8 41. Qg5 Qd6 42. h4 h6 43. Qg3 Qf6 44. Qf2 f4 45.
Re4 g5 46. hxg5 hxg5 47. Kg1 Nd3 48. Rxe7+ Rxe7 49. Rxe7+ Qxe7 50. Qd4+ Qe5
51. Qxd3 Qe1+ 52. Kh2 Qh4+ 53. Qh3 Qe1 54. Qd7+ Kf6 55. Qd6+ Kg7 56. Qd7+
Kf6 57. Qd8+ Kg7 58. Qxg5+ {Black resigns} 1-0

[Event "ICC tourney 2568 (40 10)"]
[Site "Internet Chess Club"]
[Date "2021.05.16"]
[Round "4"]
[White "RAVIND G N, RICNESH:RickyCarlsen"]
[Black "VIDENA, DANIEL TUAPEN:Davide25"]
[Result "0-1"]
[ICCResult "White checkmated"]
[WhiteElo "1700"]
[BlackElo "1528"]
[Opening "QGD: 4.Bg5"]
[ECO "D50"]
[NIC "QO.16"]
[Time "17:45:40"]
[TimeControl "2400+10"]

1. d4 Nf6 2. c4 e6 3. Nc3 d5 4. Bg5 c6 5. e3 Be7 6. Nf3 O-O 7. Bd3 h6 8. Bh4
Nbd7 9. O-O b6 10. cxd5 exd5 11. Qe2 c5 12. b3 Bb7 13. Rfc1 Re8 14. Qb2 Bd6
15. Bg3 Bxg3 16. hxg3 Rc8 17. Nb5 Ba6 18. Bf1 Bxb5 19. Bxb5 Re7 20. Nh4 Nb8
21. dxc5 bxc5 22. Nf5 Rb7 23. Qe2 Qb6 24. Bd3 Re8 25. Qf3 Nbd7 26. Qf4 Ne5
27. Bf1 Re6 28. Be2 Ng6 29. Qa4 Ne4 30. Bd3 Qd8 31. Rd1 Nc3 32. Qa3 Nxd1 33.
Rxd1 Qc7 34. Rc1 Rc6 35. Rc2 c4 36. Qc1 Ne5 37. Be2 cxb3 38. Rxc6 Qxc6 39.
Qxc6 Nxc6 40. axb3 Rxb3 41. Bf3 Rb5 42. Kf1 a5 43. Bd1 Rb4 44. e4 dxe4 45.
Ne3 Nd4 46. Nd5 Rb1 47. Ke1 a4 48. Nc3 a3 49. Kd2 Rb2+ 50. Kc1 Nb3+ 51. Bxb3
Rxb3 52. Kc2 Rb2+ 53. Kc1 Rxf2 54. Kb1 a2+ 55. Ka1 e3 56. Nxa2 Rxa2+ 57.
Kxa2 e2 58. Kb2 e1=Q 59. Kb3 Qf2 60. Kc3 Qxg2 61. Kb3 Qxg3+ 62. Kc4 Qe5 63.
Kd3 Qf4 64. Ke2 Qg3 65. Kf1 Qh2 66. Ke1 Kf8 67. Kd1 Ke7 68. Ke1 Ke6 69. Kd1
Ke5 70. Ke1 Ke4 71. Kd1 Kd3 72. Kc1 Qc2# {White checkmated} 0-1

[Event "ICC tourney 2568 (40 10)"]
[Site "Internet Chess Club"]
[Date "2021.05.16"]
[Round "5"]
[White "VALE CRUZ, ARMIN:trucker"]
[Black "WU, EVERETT:EW2006"]
[Result "1-0"]
[ICCResult "Black checkmated"]
[WhiteElo "1709"]
[BlackElo "1395"]
[Opening "Ruy Lopez: old Steinitz defense"]
[ECO "C62"]
[NIC "RL.02"]
[Time "20:04:08"]
[TimeControl "2400+10"]

1. e4 e5 2. Nf3 Nc6 3. Bb5 d6 4. c3 Nf6 5. d3 Be7 6. O-O a6 7. Ba4 O-O 8.
Nbd2 h6 9. Re1 b5 10. Bc2 Be6 11. Nf1 Nd7 12. Ng3 Na7 13. d4 exd4 14. cxd4
c5 15. h3 f6 16. b3 c4 17. Be3 cxb3 18. axb3 d5 19. Rxa6 Bf7 20. e5 fxe5 21.
dxe5 Nc5 22. Bxc5 Bxc5 23. Qd3 g6 24. Rxg6+ Kh7 25. Rxh6+ Kxh6 26. Qh7#
{Black checkmated}
1-0

[Event "ICC tourney 2568 (40 10)"]
[Site "Internet Chess Club"]
[Date "2021.05.16"]
[Round "5"]
[White "WANG, YUANZHE:yogokings12"]
[Black "NAGULAPALLY, AYAN:Ayan123"]
[Result "1/2-1/2"]
[ICCResult "Game drawn by mutual agreement"]
[WhiteElo "1587"]
[BlackElo "1344"]
[Opening "Scandinavian (center counter) defense"]
[ECO "B01"]
[NIC "SD.01"]
[Time "20:04:09"]
[TimeControl "2400+10"]

1. e4 d5 2. exd5 Qxd5 3. Nc3 Qa5 4. d4 c6 5. Nf3 Nf6 6. Bd2 Qc7 7. Bc4 Bf5
8. O-O e6 9. Re1 Bd6 10. Bb3 O-O 11. Bg5 Nbd7 12. Bh4 Rfe8 13. Bg3 Bxg3 14.
hxg3 h6 15. Qd2 Rad8 16. Ne2 c5 17. c3 cxd4 18. cxd4 Nd5 19. Rac1 Qb6 20.
Nf4 N7f6 21. Nxd5 Nxd5 22. Ne5 Nf6 23. Red1 Nd7 24. Qe3 Nxe5 25. Qxe5 Re7
26. d5 Red7 27. dxe6 Rxd1+ 28. Rxd1 Rxd1+ 29. Bxd1 Bxe6 30. a3 a6 31. Bc2
Qd8 32. Qe4 Qd5 33. Qxd5 Bxd5 34. f3 b6 35. Kf2 Kf8 36. Ke3 Ke7 37. Bd3 a5
38. Kd4 Kd6 39. b4 axb4 40. axb4 Be6 41. g4 {Game drawn by mutual agreement}
1/2-1/2

[Event "ICC tourney 2568 (40 10)"]
[Site "Internet Chess Club"]
[Date "2021.05.16"]
[Round "5"]
[White "CHAN, ETHAN:ChessyEthan"]
[Black "Musku, Himani:Chess121"]
[Result "1-0"]
[ICCResult "Black checkmated"]
[WhiteElo "1554"]
[BlackElo "1488"]
[Opening "French: Wing gambit"]
[ECO "C00"]
[NIC "FR.01"]
[Time "20:04:04"]
[TimeControl "2400+10"]

1. e4 e6 2. Nf3 d5 3. e5 c5 4. b4 cxb4 5. d4 Nc6 6. a3 bxa3 7. Bxa3 Bxa3 8.
Nxa3 a6 9. Nb5 Bd7 10. Nd6+ Kf8 11. Nxb7 Qc7 12. Nc5 a5 13. c3 Nge7 14. Ng5
h6 15. Qh5 Ng6 16. Nh3 Ncxe5 17. dxe5 Qxc5 18. Rc1 Qa3 19. Qd1 Nxe5 20. Be2
Ke7 21. f4 Nc6 22. O-O Qc5+ 23. Kh1 Rhf8 24. Bf3 Qd6 25. Re1 Kd8 26. c4 Nb4
27. Nf2 Re8 28. Ne4 Qxf4 29. Nc5 Ra7 30. cxd5 exd5 31. Rxe8+ Kxe8 32. Qe2+
Kf8 33. Nxd7+ Kg8 34. Qe8+ Kh7 35. Nf8+ Kh8 36. Ng6+ Kh7 37. Nxf4 a4 38.
Nxd5 Nxd5 39. Bxd5 a3 40. Bxf7 a2 41. Bg6# {Black checkmated} 1-0

[Event "ICC tourney 2568 (40 10)"]
[Site "Internet Chess Club"]
[Date "2021.05.16"]
[Round "5"]
[White "PEESA, RAHUL:RahulPeesa"]
[Black "XIAO, MICHAEL:michaelxiao"]
[Result "1-0"]
[ICCResult "Black checkmated"]
[WhiteElo "1330"]
[BlackElo "1297"]
[Opening "Queen's bishop game"]
[ECO "D00"]
[NIC "QP.08"]
[Time "20:04:17"]
[TimeControl "2400+10"]

1. d4 d5 2. Bf4 Nf6 3. Nf3 e6 4. e3 Bd6 5. Bxd6 cxd6 6. c3 Nc6 7. Bb5 a6 8.
Ba4 b5 9. Bb3 e5 10. dxe5 dxe5 11. O-O Bg4 12. h3 Bh5 13. g4 Bg6 14. Re1 Be4
15. Nbd2 Bxf3 16. Nxf3 e4 17. Nd4 Nxd4 18. Qxd4 h6 19. Rad1 O-O 20. Bxd5
Nxd5 21. Qxd5 Qh4 22. Qh5 Qf6 23. Rd5 Qe6 24. Qf5 Qc6 25. Red1 Qc4 26. b3
Qxc3 27. Qxe4 Qb2 28. R5d2 Qc3 29. Qd4 Qc6 30. Qd5 Qf6 31. Qd4 Qf3 32. Kh2
Qc6 33. Qd5 Qf6 34. f4 Rad8 35. Qxd8 Rxd8 36. Rxd8+ Kh7 37. R8d2 Qc3 38. Rd3
Qc2+ 39. R1d2 Qc1 40. Kg3 Qe1+ 41. Kh2 Qc1 42. Kg2 Qe1 43. Rf2 Qb1 44. Rdd2
Qe4+ 45. Kh2 Qxe3 46. Rde2 Qc1 47. Kg3 Qc3+ 48. Rf3 Qc1 49. Ref2 Qg1+ 50.
Kh4 f6 51. Rf1 g5+ 52. fxg5 hxg5+ 53. Kh5 Qh2 54. R1f2 Qh1 55. Rxf6 Qxh3+
56. Kxg5 Qe3+ 57. R6f4 Qe7+ 58. Kh5 Qe6 59. Rf7+ Kg8 60. Rf8+ Kg7 61. R2f7+
Qxf7+ 62. Rxf7+ Kxf7 63. Kg5 Kg7 64. Kf5 Kh6 65. Kf6 Kh7 66. g5 Kg8 67. Kg6
Kh8 68. Kf7 b4 69. g6 a5 70. g7+ Kh7 71. g8=Q+ Kh6 72. Qg6# {Black
checkmated} 1-0

[Event "ICC tourney 2568 (40 10)"]
[Site "Internet Chess Club"]
[Date "2021.05.16"]
[Round "5"]
[White "SULTAN, BASHIR Cisse:muzikmixer"]
[Black "BRAHMANAPALLY, SARVAGNYA:bsarvagnya"]
[Result "1-0"]
[ICCResult "Black checkmated"]
[WhiteElo "1511"]
[BlackElo "1325"]
[Opening "English: four knights, 4.e3"]
[ECO "A28"]
[NIC "EO.06"]
[Time "20:04:24"]
[TimeControl "2400+10"]

1. c4 e5 2. Nc3 Nf6 3. Nf3 Nc6 4. e3 Bc5 5. a3 e4 6. Ng5 Qe7 7. Qc2 d6 8.
Ngxe4 Nxe4 9. Qxe4 Be6 10. d4 f5 11. Qd3 Nxd4 12. exd4 Bxc4+ 13. Qe3 Bxf1
14. Qxe7+ Kxe7 15. dxc5 Bxg2 16. Rg1 Bc6 17. Rxg7+ Kd8 18. Bg5+ Kc8 19.
O-O-O b6 20. cxd6 cxd6 21. Rxd6 Rb8 22. Rxc6# {Black checkmated} 1-0

[Event "ICC tourney 2568 (40 10)"]
[Site "Internet Chess Club"]
[Date "2021.05.16"]
[Round "5"]
[White "XU, RAYMOND:rayxu"]
[Black "RAMESH, ANIRUDH:anirudhramesh03"]
[Result "0-1"]
[ICCResult "White resigns"]
[WhiteElo "1876"]
[BlackElo "1808"]
[Opening "Sicilian: Canal-Sokolsky attack, Sokolsky variation"]
[ECO "B52"]
[NIC "SI.01"]
[Time "20:04:04"]
[TimeControl "2400+10"]

1. e4 c5 2. Nf3 d6 3. Bb5+ Bd7 4. Bxd7+ Qxd7 5. c4 Nc6 6. d4 Nf6 7. Nc3 cxd4
8. Nxd4 g6 9. Be3 Ng4 10. Bg5 Bg7 11. Nxc6 bxc6 12. O-O Qe6 13. Rc1 Rb8 14.
b3 Be5 15. f4 Ne3 16. Qd3 Nxf1 17. Rxf1 Bg7 18. Nd1 O-O 19. Ne3 c5 20. Kh1
f5 21. exf5 gxf5 22. Nd5 Rb7 23. Qg3 Qf7 24. Qd3 e6 25. Ne3 Qd7 26. Rd1 h6
27. Bh4 a5 28. Nf1 Ra8 29. Ng3 a4 30. Nh5 axb3 31. axb3 Ra3 32. Nxg7 Raxb3
33. Qc2 Rb2 34. Qd3 Kxg7 35. Qc3+ Kh7 36. h3 Qc6 {White resigns} 0-1

[Event "ICC tourney 2568 (40 10)"]
[Site "Internet Chess Club"]
[Date "2021.05.16"]
[Round "5"]
[White "BHEEMAIAH, AYUSH:Ayushb"]
[Black "NGUYEN, THOMAS:tn285"]
[Result "1-0"]
[ICCResult "Black checkmated"]
[WhiteElo "1747"]
[BlackElo "1581"]
[Opening "Giuoco Pianissimo"]
[ECO "C50"]
[NIC "IG.02"]
[Time "20:04:12"]
[TimeControl "2400+10"]

1. e4 e5 2. Nf3 Nc6 3. Bc4 Bc5 4. d3 Nf6 5. Bg5 h6 6. Bh4 O-O 7. O-O d6 8.
h3 Na5 9. Bb3 Nxb3 10. axb3 Re8 11. Nc3 c6 12. Re1 a6 13. Qd2 Ba7 14. Rad1
Qe7 15. d4 Qf8 16. d5 c5 17. Bxf6 gxf6 18. Ne2 f5 19. exf5 Bxf5 20. Ng3 Bh7
21. Nh4 f5 22. c4 Bb6 23. Ngxf5 Bxf5 24. Nxf5 Qxf5 25. Qxh6 Qf8 26. Qg6+ Qg7
27. Qxd6 Ba5 28. Re4 Qe7 29. Rg4+ Kh8 30. Qh6+ Qh7 31. Qf6+ Qg7 32. Qxg7#
{Black checkmated}
1-0

[Event "ICC tourney 2568 (40 10)"]
[Site "Internet Chess Club"]
[Date "2021.05.16"]
[Round "5"]
[White "VIDENA, DANIEL TUAPEN:Davide25"]
[Black "LI, DAVID TONGJIA:UltimateDL"]
[Result "0-1"]
[ICCResult "White resigns"]
[WhiteElo "1528"]
[BlackElo "1862"]
[Opening "Queen's gambit accepted"]
[ECO "D20"]
[NIC "QG.03"]
[Time "20:04:18"]
[TimeControl "2400+10"]

1. d4 d5 2. c4 dxc4 3. e3 e5 4. Bxc4 exd4 5. exd4 Bd6 6. h3 Nf6 7. Nf3 O-O
8. O-O h6 9. Nc3 Nc6 10. Be3 Bf5 11. Rc1 Re8 12. Bb5 a6 13. Bxc6 bxc6 14.
Na4 Nd5 15. Re1 Nb4 16. Nc5 Nxa2 17. Rc4 a5 18. Qa4 Nb4 19. Bd2 Rxe1+ 20.
Nxe1 Qe8 21. Be3 Nd5 22. Qa3 Bf4 23. Nc2 Bxc2 24. Rxc2 Bxe3 25. fxe3 Qxe3+
26. Qxe3 Nxe3 27. Rc3 Nf5 28. Rc4 Rb8 29. Na6 Rxb2 30. Rxc6 Rb6 31. Rxb6
cxb6 32. d5 f6 33. Kf1 Ne3+ 34. Ke2 Nxd5 35. Kd2 b5 36. Kc1 b4 37. Kb2 Kf7
38. Kb3 Ke6 39. Ka4 Ke5 40. Nc5 Kf4 41. Kxa5 Kg3 42. Kb5 Kxg2 43. Kc4 Ne3+
44. Kxb4 Kxh3 {White resigns} 0-1

[Event "ICC tourney 2568 (40 10)"]
[Site "Internet Chess Club"]
[Date "2021.05.16"]
[Round "5"]
[White "YADAV, ARJUN:arjunchesszero"]
[Black "SUN, KEVIN:kevinsun"]
[Result "1-0"]
[ICCResult "Black resigns"]
[WhiteElo "1224"]
[BlackElo "1491"]
[Opening "Sicilian: closed, 2...Nc6"]
[ECO "B23"]
[NIC "SI.44"]
[Time "20:04:04"]
[TimeControl "2400+10"]

1. e4 c5 2. Nc3 Nc6 3. Bb5 Nd4 4. Nf3 e6 5. O-O Nxf3+ 6. Qxf3 Be7 7. Bc4 d6
8. Ne2 Nf6 9. d4 O-O 10. e5 dxe5 11. dxe5 Nd7 12. Bf4 Qc7 13. Qg3 Kh8 14.
Qh3 Nxe5 15. Bd3 g6 16. Qg3 Bd6 17. Rad1 Rd8 18. Be4 Nc4 19. Qc3+ e5 20. Bg5
Be6 21. Bxd8 Rxd8 22. f4 Re8 23. f5 gxf5 24. Bxf5 Nb6 25. Qd2 Nc4 26. Qh6
Bxf5 27. Rxf5 Bf8 28. Qf6+ Bg7 29. Qxf7 Qxf7 30. Rxf7 Nxb2 31. Rdd7
{Black resigns}
1-0

[Event "ICC tourney 2568 (40 10)"]
[Site "Internet Chess Club"]
[Date "2021.05.16"]
[Round "5"]
[White "RENJITH, ARYAN:prkukuku"]
[Black "GONG, JONATHAN YICHENG:Theutltl"]
[Result "1-0"]
[ICCResult "Black resigns"]
[WhiteElo "1274"]
[BlackElo "1562"]
[Opening "Sicilian: Kan, 5.Nc3"]
[ECO "B43"]
[NIC "SI.41"]
[Time "20:04:24"]
[TimeControl "2400+10"]

1. e4 c5 2. Nf3 e6 3. d4 cxd4 4. Nxd4 a6 5. Nc3 Qc7 6. Bd3 Nf6 7. Qf3 Nc6 8.
Nxc6 bxc6 9. Bg5 Be7 10. O-O O-O 11. Qh3 h6 12. Be3 d5 13. Rae1 e5 14. Qg3
Nh5 15. Qf3 Nf6 16. exd5 Bg4 17. Qg3 Bd6 18. Qh4 cxd5 19. Bxh6 Be7 20. Bxg7
Kxg7 21. Qg5+ Kh8 22. Qh6+ Kg8 23. Nxd5 {Black resigns} 1-0

[Event "ICC tourney 2568 (40 10)"]
[Site "Internet Chess Club"]
[Date "2021.05.16"]
[Round "5"]
[White "THOMAS, MICHAEL G:chesslin"]
[Black "KASHYAP, MAHATI B:mnm1"]
[Result "1-0"]
[ICCResult "Black resigns"]
[WhiteElo "1739"]
[BlackElo "1536"]
[Opening "Queen's pawn, Mason variation"]
[ECO "D00"]
[NIC "QP.08"]
[Time "20:04:24"]
[TimeControl "2400+10"]

1. d4 d5 2. Bf4 Bf5 3. e3 e6 4. c4 c6 5. Nc3 Nf6 6. Qb3 Qb6 7. c5 Qxb3 8.
axb3 Nbd7 9. Nf3 Be7 10. b4 O-O 11. b5 cxb5 12. Bxb5 a6 13. Ba4 b5 14. Bd1
Bd3 15. Bc7 Rfc8 16. Ba5 Ne4 17. Na2 Ng5 18. Nxg5 Bxg5 19. Nb4 Be4 20. O-O
Nb8 21. Ra3 Nc6 22. Nxc6 Rxc6 23. Be2 Be7 24. Bc3 Rb8 25. b4 Rbc8 26. Rfa1
Ra8 27. Bxb5 Rc7 28. Rxa6 Rxa6 29. Rxa6 h6 30. f3 Bg6 31. Ra8+ Kh7 32. Ba6
Bg5 33. f4 Bh4 34. b5 Be4 35. Ba5 Rd7 36. c6 Re7 37. b6 Bf6 38. b7 Bh4 39.
Bd8 {Black resigns} 1-0

[Event "ICC tourney 2568 (40 10)"]
[Site "Internet Chess Club"]
[Date "2021.05.16"]
[Round "5"]
[White "LANE, THOMAS COE:tclaneva"]
[Black "RAVIND G N, RICNESH:RickyCarlsen"]
[Result "1-0"]
[ICCResult "Black checkmated"]
[WhiteElo "1805"]
[BlackElo "1700"]
[Opening "French: Steinitz, Boleslavsky variation"]
[ECO "C11"]
[NIC "FR.04"]
[Time "20:04:08"]
[TimeControl "2400+10"]

1. e4 e6 2. d4 d5 3. Nc3 Nf6 4. e5 Nfd7 5. f4 c5 6. Nf3 Nc6 7. Be3 Qb6 8.
Qd2 cxd4 9. Nxd4 Nxd4 10. Bxd4 Bc5 11. Na4 Qc6 12. Nxc5 Nxc5 13. Qb4 Nd7 14.
Bd3 a6 15. O-O a5 16. Qe1 Nc5 17. Qg3 g6 18. a4 Nxd3 19. cxd3 Bd7 20. Rfc1
Qa6 21. Qg5 Qxd3 22. Bc5 f6 23. Qxf6 Qe3+ 24. Bxe3 Rf8 25. Qg7 Rf7 26. Qg8+
Rf8 27. Qxh7 Rf7 28. Qxg6 Bc6 29. Qxe6+ Re7 30. Qg8+ Kd7 31. Qxa8 Ke6 32.
Qc8+ Kf7 33. Qf5+ Ke8 34. e6 Kd8 35. Qf8+ Re8 36. Bb6+ Kc8 37. Qxe8#
{Black checkmated}
1-0